 Dungeon Crawl Stone Soup version 0.21-a0-351-g38363bb (webtiles) character file.

2037 nikopol the Poker (level 9, 0/55 HPs)
             Began as a Gargoyle Fighter on Oct 9, 2017.
             Was an Initiate of Okawaru.
             Slain by nikopol's ghost (1 damage)
             ... on level 7 of the Dungeon.
             The game lasted 00:13:55 (7646 turns).

nikopol the Poker (Gargoyle Fighter)                Turns: 7646, Time: 00:13:56

Health: 0/55       AC: 20    Str: 22    XL:     9   Next: 24%
Magic:  9/9        EV:  7    Int: 10    God:    Okawaru [......]
Gold:   258        SH: 10    Dex:  9    Spells: 8/8 levels left

rFire    . . .     SeeInvis .   a - +0 trident
rCold    . . .     Gourm    .   c - +0 shield
rNeg     + . .     Faith    .   I - +4 chain mail
rPois    ∞         Spirit   .   t - +0 helmet
rElec    +         Reflect  .   (no cloak)
rCorr    .         Harm     .   (no gloves)
MR       .....                  (no boots)
Stlth    ..........             (no amulet)
HPRegen  0.18/turn              (no ring)
MPRegen  0.11/turn              (no ring)

@: no status effects
A: negative energy resistance 1, electricity resistance, unbreathing,
petrification resistance, rot immunity, AC +5
a: Renounce Religion


You were on level 7 of the Dungeon.
You worshipped Okawaru.
Okawaru was noncommittal.
You were not hungry.

You visited 1 branch of the dungeon, and saw 7 of its levels.

You collected 258 gold pieces.

Inventory:

Hand Weapons
 a - a +0 trident (weapon)
Missiles
 i - 8 javelins (quivered)
Armour
 b - a +0 scale mail
 c - a +0 shield (worn)
 t - a +0 helmet (worn)
 I - a +4 chain mail (worn)
Jewellery
 H - a +1 ring of protection {unknown}
Wands
 w - a wand of paralysis (8/24)
 E - a wand of digging (21/24)
 F - a wand of digging (5/24)
 J - a wand of disintegration (13/24)
Scrolls
 g - 2 scrolls of remove curse {unknown}
 p - a scroll of enchant armour {unknown}
 q - a scroll of blinking {unknown}
 r - 2 scrolls of recharging {unknown}
 s - 2 scrolls of magic mapping {unknown}
 u - a scroll of identify
 v - 3 scrolls of teleportation
 y - a scroll of immolation {unknown}
 B - 2 scrolls of enchant weapon {unknown}
 C - 2 scrolls of amnesia {unknown}
 G - a scroll of fog {unknown}
Potions
 d - 2 potions of might
 e - a potion of agility {unknown}
 j - a potion of ambrosia {unknown}
 k - a potion of brilliance {unknown}
 l - 4 potions of heal wounds
 m - 2 potions of flight {unknown}
 o - a potion of degeneration {unknown}
 z - 4 potions of curing
 A - 2 potions of haste {unknown}
 D - a potion of mutation {unknown}
Books
 x - a book of Callings

   Spells                             Type                      Level
   a - Summon Small Mammal            Summoning                    1
   b - Call Imp                       Summoning                    2
   c - Call Canine Familiar           Summoning                    3
   d - Summon Guardian Golem          Hexes/Summoning              3
   e - Summon Lightning Spire         Summoning/Air                4
   f - Summon Ice Beast               Ice/Summoning                4
Comestibles
 f - a bread ration
 h - 4 royal jellies
 n - 4 meat rations


   Skills:
 + Level 6.2 Fighting
 + Level 6.5 Polearms
 + Level 1.5 Throwing
 + Level 5.8 Armour
 + Level 3.1 Dodging
 + Level 1.8 Stealth
 + Level 6.4 Shields


You had 8 spell levels left.
You didn't know any spells.

Dungeon Overview and Level Annotations

Branches:
Dungeon (7/15)             Temple (0/1) D:7

Altars:
Ashenzari
Cheibriados
Elyvilon
Fedhas
Gozag
Hepliaklqana
Kikubaaqudgha
Makhleb
Nemelex Xobeh
Okawaru
Uskayaw
Vehumet
Wu Jian
Zin
The Shining One

Shops:
D:6 }

Annotations:
D:7 nikopol's ghost, novice GrFi


Innate Abilities, Weirdness & Mutations

You are resistant to torment.
Your stone body is resilient. (AC +5)
You are immune to poison.
You resist negative energy. (rN+)
You are resistant to electric shocks. (rElec)
You can survive without breathing.
You are immune to petrification.
You are immune to rotting.


Message History

Nikopol's ghost hits you!
* * * LOW HITPOINT WARNING * * *
Nikopol's ghost burns you.
* * * LOW HITPOINT WARNING * * *
You hit nikopol's ghost but do no damage.
Nikopol's ghost is almost destroyed.
Nikopol's ghost barely misses you.
You hit nikopol's ghost but do no damage.
Nikopol's ghost is almost destroyed.
You block nikopol's ghost's attack.
You hit nikopol's ghost but do no damage.
Nikopol's ghost is almost destroyed.
Nikopol's ghost hits you.
* * * LOW HITPOINT WARNING * * *
Nikopol's ghost burns you.
* * * LOW HITPOINT WARNING * * *
Nikopol's ghost hits you!
* * * LOW HITPOINT WARNING * * *
Nikopol's ghost burns you.
You die...

#.#.#.#########.##.##.
#.#.#.........._...##.
#.#.#.........#.#..##.
############.#........###..##.##.
..........##W########.# #.###.###
####.............##.###.###.#
#.##..#.#####.##.#.....#.#
######.###.#.#####.#......#.#.###
...............W@.)[......+...>##
...###.####.######)#[.....#.#.###
(..# #...........#.#......#.....'
...# ######..###.#.##+#######.###
...# #...)..................# #
...#####.###.###.#.#..######### #
.........# #..##.#.#..#
.........# ##.##.#.#..#
.........####..#.#.#..#


You could see nikopol's ghost.

Vanquished Creatures
  Pikel (D:6)
  The ghost of nikopol the Covered, an amateur GrFi (D:4)
  A slave (D:6)
  An orc warrior (D:7)
  An ice beast (D:6)
  An ogre (D:7)
  A phantom (D:4)
  A centaur (D:7)
  2 bullfrogs (D:6)
  A scorpion (D:5)
  A howler monkey (D:6)
  3 crimson imps
  2 orc priests
  5 hounds
  2 orc wizards
  A bullfrog skeleton (D:4)
  Jessica (D:2)
  An iguana (D:5)
  2 worker ants
  2 hound zombies
  A worker ant zombie (D:6)
  2 howler monkey skeletons
  A gnoll (D:1)
  12 adders
  A shadow imp (D:6)
  2 adder skeletons
  2 dart slugs
  3 leopard geckos
  10 orcs
  10 bats
  3 giant cockroaches
  10 hobgoblins
  7 jackals
  2 kobolds (D:1)
  7 quokkas
  3 ball pythons
  7 frilled lizards
  5 goblins
  3 leopard gecko skeletons
  2 quokka skeletons
  8 rats
132 creatures vanquished.

Notes
Turn   | Place    | Note
-------+----------+-------------------------------------------
     0 | D:1      | nikopol the Gargoyle Fighter began the quest for the Orb.
     0 | D:1      | Reached XP level 1. HP: 14/14 MP: 1/1
   181 | D:1      | Reached XP level 2. HP: 15/20 MP: 2/2
   570 | D:1      | Reached XP level 3. HP: 24/24 MP: 3/3
   925 | D:2      | Found a faded altar of an unknown god.
  1064 | D:2      | Found an ornate altar of the Wu Jian Council.
  1091 | D:2      | Reached XP level 4. HP: 17/29 MP: 4/4
  1401 | D:2      | Found a shattered altar of Ashenzari.
  1413 | D:2      | Noticed Jessica
  1422 | D:2      | Killed Jessica
  1422 | D:2      | Reached skill level 1 in Dodging
  1586 | D:2      | Reached XP level 5. HP: 33/33 MP: 5/5
  2054 | D:3      | Found a hazy altar of Hepliaklqana.
  2056 | D:3      | Found a hide-covered altar of Uskayaw.
  2057 | D:3      | Found a burning altar of Makhleb.
  2058 | D:3      | Found a radiant altar of Vehumet.
  2180 | D:3      | Found a white marble altar of Elyvilon.
  2186 | D:3      | Found a glowing golden altar of the Shining One.
  2186 | D:3      | Found a snail-covered altar of Cheibriados.
  2187 | D:3      | Found a glowing silver altar of Zin.
  2560 | D:4      | Noticed nikopol's ghost (amateur GrFi)
  3101 | D:4      | Noticed a phantom
  3126 | D:4      | Killed a phantom
  3126 | D:4      | Reached XP level 6. HP: 38/38 MP: 6/6
  3978 | D:4      | Killed nikopol's ghost
  3978 | D:4      | Reached skill level 5 in Shields
  3978 | D:4      | Reached XP level 7. HP: 18/44 MP: 7/7
  4477 | D:5      | Entered Level 5 of the Dungeon
  4960 | D:5      | Reached skill level 5 in Fighting
  5006 | D:5      | Reached skill level 1 in Throwing
  5246 | D:5      | Found a sparkling altar of Nemelex Xobeh.
  5384 | D:6      | Found Bikk's Gadget Shop.
  5405 | D:6      | Reached skill level 5 in Armour
  5405 | D:6      | Reached XP level 8. HP: 49/49 MP: 8/8
  5415 | D:6      | Reached skill level 1 in Stealth
  5438 | D:6      | Reached skill level 5 in Polearms
  5729 | D:6      | Found an iron altar of Okawaru.
  5735 | D:6      | Became a worshipper of Warmaster Okawaru
  5894 | D:6      | Found an opulent altar of Gozag.
  5894 | D:6      | Found a sparkling altar of Nemelex Xobeh.
  5917 | D:6      | Noticed Pikel
  5935 | D:6      | Killed Pikel
  6229 | D:6      | Found an ancient bone altar of Kikubaaqudgha.
  6312 | D:7      | Found a blossoming altar of Fedhas.
  6353 | D:7      | Reached XP level 9. HP: 44/55 MP: 9/9
  6624 | D:7      | Found a staircase to the Ecumenical Temple.
  6737 | D:7      | Noticed nikopol's ghost (novice GrFi)
  7646 | D:7      | HP: 1/55 [nikopol's ghost (8)]
  7646 | D:7      | Slain by nikopol's ghost

Vault maps used:
D:1:      dpeg_arrival_refuge
D:2:      nicolae_overflow_crystal_walls, chequers_ecumenical_altar_island,
          nicolae_ashenzari_panopticon, uniq_jessica
D:3:      chequers_temple_overflow_statue_of_worship, minitemple
D:4:      first_bread
D:5:      basic_altar
D:6:      grunt_temple_overflow_opulence, kennysheep_mini,
          overflow_temple_1_default, serial_shops, nicolae_shop_trees,
          minmay_bent, uniq_pikel
D:7:      lemuel_coloured_pillars_altar, lemuel_crystal_altar, temple_pool_b,
          kennysheep_generic_room_6, uniq_prince_ribbit1

Skill      XL: |  1  2  3  4  5  6  7  8  9 |
---------------+----------------------------+-----
Fighting       | 4 5 6 |  6.2
Polearms       | 2 3 4 6 |  6.5
Dodging        | 1 2 3 |  3.1
Shields        | 4 5 6 |  6.4
Armour         | 4 5 |  5.8
Throwing       | 1 |  1.5
Stealth        | 1 |  1.8

Action                   |  1- 3 |  4- 6 |  7- 9 || total
-------------------------+-------+-------+-------++-------
Melee: Trident           |   147 |   289 |   448 ||   884
Throw: Javelin           |       |       |    13 ||    13
  Use: Scroll            |       |       |     4 ||     4
       Potion            |       |       |     1 ||     1
  Eat: Chunk             |       |    10 |     6 ||    16
       Bread ration      |       |       |     2 ||     2
Armor: Scale mail        |    62 |   106 |   155 ||   323
       Chain mail        |       |       |    57 ||    57
Dodge: Dodged            |    44 |    65 |   104 ||   213
Block: Shield            |    79 |   111 |   197 ||   387

Table legend:
 A = Spawn XP
 B = Non-spawn XP
 C = Spawn XP percentage of total XP
 D = Spawn monster count
 E = Non-spawn monster count
 F = Spawn count percentage of total count
 G = Total turns spent on level
                    A         B        C        D         E        F      G
               +---------+---------+-------+---------+---------+-------+---------
         Total |       0 |    2911 |   0.0 |       0 |     131 |   0.0 |  7646
               +---------+---------+-------+---------+---------+-------+---------
           D:1 |       0 |      39 |   0.0 |       0 |      16 |   0.0 |   833
           D:2 |       0 |     132 |   0.0 |       0 |      26 |   0.0 |  1038
           D:3 |       0 |      54 |   0.0 |       0 |      21 |   0.0 |  1324
           D:4 |       0 |     511 |   0.0 |       0 |      16 |   0.0 |  1282
           D:5 |       0 |     386 |   0.0 |       0 |      19 |   0.0 |   839
           D:6 |       0 |    1191 |   0.0 |       0 |      17 |   0.0 |  1452
           D:7 |       0 |     598 |   0.0 |       0 |      16 |   0.0 |   878
               +---------+---------+-------+---------+---------+-------+---------
